[Event "RUS-ch Women Blitz 2019"]
[Site "Sochi"]
[Date "2019.10.17"]
[Round "5.12"]
[White "Sukhareva, Evgeniya"]
[Black "Afonasieva, Anna"]
[Result "1/2-1/2"]
[ECO "D14"]
[WhiteElo "2122"]
[BlackElo "2312"]
[Annotator "NA RC"]
[PlyCount "79"]
[EventDate "2019.10.17"]
[EventType "swiss"]
[EventCountry "RUS"]
[SourceTitle "playchess.com"]
[Source "ChessBase"]
[SourceQuality "1"]
[TimeControl "180+2"]

1. d4 d5 2. Nf3 Nf6 3. c4 c6 4. cxd5 cxd5 5. Nc3 Nc6 6. Bf4 Bf5 7. e3 e6 8. Bd3 Bg6 9. O-O Bd6 10. Ne5 O-O 11. Rc1 Bxe5 12. Bxe5 Nxe5 13. dxe5 Nd7 14. Bxg6 hxg6 15. f4 a6 16. Rf3 Rc8 17. Qd2 Nc5 18. Rff1 b5 19. Qd4 Qe7 20. e4 dxe4 21. Nxe4 Nxe4 22. Qxe4 {[%emt 0:00:02] [#]} Qa7+ $17 23. Kh1 Qf2 24. Qb1 Qe3 25. h3 Rfd8 26. Rxc8 Rxc8 27. Qd1 Rc4 28. Qd8+ Kh7 29. Qh4+ Kg8 30. Qf2 Qe4 31. Qh4 Qd4 32. Qf2 Qe4 33. Qh4 Rc2 34. Qd8+ Kh7 35. Qh4+ Kg8 36. Qg5 Rxb2 37. Rd1 Rb1 38. Qd8+ Kh7 39. Qh4+ Kg8 40. Qd8+ 1/2-1/2

[Event "RUS-ch Women Blitz 2019"]
[Site "Sochi"]
[Date "2019.10.20"]
[Round "5.12"]
[White "Khatmullina, Dilara"]
[Black "Mamontova, Anastasia"]
[Result "0-1"]
[ECO "A05"]
[WhiteElo "1843"]
[BlackElo "2002"]
[Annotator "NA"]
[PlyCount "163"]
[EventDate "2019.10.17"]
[EventType "swiss"]
[EventCountry "RUS"]
[SourceTitle "playchess.com"]
[Source "ChessBase"]
[SourceQuality "1"]
[TimeControl "180+2"]

1. Nf3 Nf6 2. g3 b6 3. Bg2 Bb7 4. O-O c5 5. d3 e6 6. e4 Be7 7. Re1 O-O 8. Nbd2 d5 9. e5 Nfd7 10. Nf1 Nc6 11. h4 Qc7 12. Bf4 Rae8 13. N1h2 Qc8 14. Ng4 f6 15. Qe2 fxe5 16. Ngxe5 Ndxe5 17. Nxe5 Bf6 18. Qg4 Nd4 19. Rac1 Qd8 20. h5 Qe7 21. h6 g6 22. c3 Nf5 23. Nf3 Bc8 24. Be5 Bxe5 25. Nxe5 Nxh6 26. Qa4 Qf6 27. Rc2 Re7 28. Nc6 Ref7 29. Nxa7 Bd7 30. Qh4 Qxh4 31. gxh4 Ng4 32. f3 Nh6 33. Bh3 Ra8 34. Bxe6 Bxe6 35. Rxe6 Raxa7 36. Rxb6 Rxa2 37. Rb8+ Kg7 38. Rc8 Ra5 39. Rd8 c4 40. dxc4 dxc4 41. Kg2 Nf5 42. Kh3 Ne3 43. Rf2 Raf5 44. Re8 Rxf3+ 45. Rxf3 Rxf3+ 46. Kh2 Nd1 47. Re7+ Kf6 48. Rc7 Rf4 49. Kg3 Re4 50. Rc6+ Kg7 51. Rc7+ Kh6 52. Rb7 Re2 53. Rb4 Nxb2 54. Kf3 Rc2 55. Ke4 Rh2 56. Kd5 Kh5 57. Rb7 h6 58. Rb6 Kxh4 59. Rxg6 h5 60. Rb6 Nd3 61. Kxc4 Ne5+ 62. Kd5 Nd7 63. Rb4+ Kg3 64. Kd6 Nf6 65. Ke6 Ng4 66. c4 Rc2 67. Rb3+ Kg2 68. Kd5 h4 69. Rb8 h3 70. Rg8 Kg3 71. Rh8 h2 72. Ke4 Nf2+ 73. Ke3 Nh3 74. Rg8+ Kh4 75. Rh8+ Kg4 76. Rg8+ Ng5 77. Rh8 Nh3 78. Rg8+ Kf5 79. Rf8+ Ke6 80. Rf1 Ng1 81. Rf8 h1=Q 82. Kd4 {Ke5+} 0-1

[Event "RUS-ch Women Blitz 2019"]
[Site "Sochi"]
[Date "2019.10.17"]
[Round "6.1"]
[White "Voit, Daria"]
[Black "Semenova, Elena"]
[Result "1/2-1/2"]
[ECO "E06"]
[WhiteElo "2336"]
[BlackElo "2282"]
[Annotator "RC"]
[PlyCount "64"]
[EventDate "2019.10.17"]
[EventType "swiss"]
[EventCountry "RUS"]
[SourceTitle "playchess.com"]
[Source "ChessBase"]
[SourceQuality "1"]
[TimeControl "180+2"]

1. d4 Nf6 2. Nf3 d5 3. c4 e6 4. g3 Be7 5. Bg2 O-O 6. O-O dxc4 7. Qc2 a6 8. Qxc4 b5 9. Qc2 Bb7 10. Bd2 Be4 11. Qc1 c6 12. Nc3 Bxf3 13. Bxf3 Qxd4 14. Rd1 Qb6 15. Be3 Qc7 16. Ne4 Nd5 17. Bc5 Nd7 18. Bxe7 Nxe7 19. Nc5 Nxc5 20. Qxc5 Rfd8 21. b4 h6 22. Rac1 Rxd1+ 23. Rxd1 Rd8 24. Rxd8+ Qxd8 25. Bxc6 Nxc6 26. Qxc6 Qd1+ 27. Kg2 g6 28. Qxa6 Qxe2 29. a3 Qe4+ 30. Kg1 Qe1+ 31. Kg2 Qe4+ 32. Kg1 Qe1+ 1/2-1/2

[Event "RUS-ch Women Blitz 2019"]
[Site "Sochi"]
[Date "2019.10.17"]
[Round "6.2"]
[White "Kovanova, Baira"]
[Black "Karavaeva, Olga"]
[Result "1-0"]
[ECO "A06"]
[WhiteElo "2344"]
[BlackElo "2260"]
[Annotator "RC"]
[PlyCount "105"]
[EventDate "2019.10.17"]
[EventType "swiss"]
[EventCountry "RUS"]
[SourceTitle "playchess.com"]
[Source "ChessBase"]
[SourceQuality "1"]
[TimeControl "180+2"]

1. Nf3 d5 2. g3 c6 3. Bg2 Nf6 4. O-O Bf5 5. d3 e6 6. Nbd2 Nbd7 7. Qe1 h6 8. e4 dxe4 9. dxe4 Bh7 10. Qe2 Bc5 11. b3 O-O 12. Bb2 Qc7 13. h3 Rad8 14. e5 Nd5 15. Ne4 Be7 16. Rad1 Nc5 17. Nfd2 Nb4 18. Nxc5 Bxc5 19. Ne4 Be7 20. a3 Na6 21. b4 Qb6 22. c4 Qc7 23. c5 Bxe4 24. Bxe4 Rxd1 25. Rxd1 Rd8 26. Bd3 Qc8 27. Bc1 Bg5 28. Bxg5 hxg5 29. Qh5 g6 30. Qxg5 Nc7 31. Kg2 Nd5 32. h4 Qd7 33. h5 Qe7 34. Qg4 Kg7 35. hxg6 f5 36. exf6+ Qxf6 37. Qf3 Qxf3+ 38. Kxf3 Nc3 39. Rd2 Nb5 40. Ke2 Nxa3 41. Be4 Rxd2+ 42. Kxd2 Nc4+ 43. Kc3 Ne5 44. f4 Nxg6 45. Kd4 Ne7 46. Ke5 Kf7 47. Kd6 Nd5 48. b5 cxb5 49. f5 Nc3 50. fxe6+ Ke8 51. Bg6+ Kf8 52. e7+ Kg7 53. e8=Q 1-0

[Event "RUS-ch Women Blitz 2019"]
[Site "Sochi"]
[Date "2019.10.17"]
[Round "6.3"]
[White "Lysenko, Margarita"]
[Black "Ambartsumova, Karina"]
[Result "0-1"]
[ECO "D35"]
[WhiteElo "2243"]
[BlackElo "2341"]
[Annotator "NA RC"]
[PlyCount "152"]
[EventDate "2019.10.17"]
[EventType "swiss"]
[EventCountry "RUS"]
[SourceTitle "playchess.com"]
[Source "ChessBase"]
[SourceQuality "1"]
[TimeControl "180+2"]

1. d4 Nf6 2. c4 e6 3. Nc3 d5 4. cxd5 exd5 5. Bg5 c6 6. e3 Be7 7. Bd3 Nbd7 8. Qc2 h6 9. Bf4 Nh5 10. Be5 Nhf6 11. Bf4 Nf8 12. h3 {[%emt 0:00:01] D36: Queen's Gambit Declined: Exchange Variation: Main line (5 Bg5 c6 6 Qc2)} Bd6 13. Bxd6 (13. Be5 Bxe5 14. dxe5 N6d7 15. f4 Ne6 16. Nf3 b5 17. O-O Qb6 18. Qf2 b4 19. Ne2 c5 {1-0 (35) Korobov,A (2699)-Javakhadze,Z (2415) Konya 2015}) 13... Qxd6 14. Nf3 N8d7 15. g4 Nb6 $146 ({Predecessor:} 15... b6 16. O-O-O Bb7 17. Kb1 a6 18. Rhe1 {1-0 (30) Gislason,G (2351)-Brynjarsson,H (1949) Reykjavik 2009}) 16. Ne5 Qe7 17. O-O-O Be6 18. f4 O-O-O 19. Kb1 Kb8 20. Na4 Nxa4 21. Qxa4 Nd7 22. Rc1 Nxe5 23. dxe5 Bc8 24. Rc3 f6 25. exf6 Qxf6 26. Ra3 a6 27. Rc1 Rhe8 28. Qb4 $2 (28. Rb3 $11 Rxe3 29. Rxc6 Re1+ 30. Kc2) 28... Ka8 $2 (28... Rxe3 $17 29. Bxa6 Rxa3 30. bxa3 Re8) 29. Qb6 Rd6 30. Rb3 Qd8 31. Qb4 Rde6 32. Bxa6 (32. e4 $14) 32... Qe7 33. Qb6 Rxe3 34. Bd3 Kb8 35. Ra3 Re1 36. Qa7+ Kc7 37. Qa5+ Kd6 38. Qc5+ Kc7 39. Qa5+ Kd6 40. Rac3 Rxc1+ 41. Rxc1 Qe3 42. Qb4+ Kc7 43. Bc2 (43. Bg6 $11 Re6 44. Bf5) 43... d4 (43... Qxh3 $17 44. f5 Qg3) 44. Qc4 Rd8 45. Qf7+ Rd7 46. Qf8 d3 47. Bb3 d2 48. Rd1 Qe4+ 49. Bc2 {[%emt 0:00:02] [#]} Qd4 $1 50. Qe8 b6 51. f5 Ba6 52. Qf8 Be2 53. Qa3 Bxd1 54. Bxd1 Qe4+ 55. Ka1 Qe1 56. Qb3 Re7 57. Kb1 Re3 58. Qc2 Re7 59. h4 Qf2 60. g5 hxg5 61. hxg5 Rf7 62. f6 gxf6 63. g6 Rd7 64. Qe4 Qd4 65. Qf3 Qd3+ 66. Qxd3 Rxd3 67. Kc2 Rg3 68. Bh5 Rg5 69. g7 Rxg7 70. Kxd2 Rg2+ 71. Be2 Kd6 72. Ke3 Ke5 73. a4 c5 74. b3 Rg3+ 75. Bf3 f5 76. Kf2 Kf4 0-1

[Event "RUS-ch Women Blitz 2019"]
[Site "Sochi"]
[Date "2019.10.20"]
[Round "6.5"]
[White "Semenova, Elena"]
[Black "Lysenko, Margarita"]
[Result "0-1"]
[ECO "B53"]
[WhiteElo "2282"]
[BlackElo "2243"]
[Annotator "NA"]
[PlyCount "176"]
[EventDate "2019.10.17"]
[EventType "swiss"]
[EventCountry "RUS"]
[SourceTitle "playchess.com"]
[Source "ChessBase"]
[SourceQuality "1"]
[TimeControl "180+2"]

1. e4 c5 2. Nf3 d6 3. d4 cxd4 4. Qxd4 Nc6 5. Bb5 Bd7 6. Qd3 g6 7. c4 Bg7 8. Nc3 Nf6 9. O-O O-O 10. h3 h6 11. Rb1 a6 12. Bxc6 bxc6 13. b4 Qc7 14. Be3 Rfd8 15. a4 e5 16. a5 Rdb8 17. Bb6 Qb7 18. Qxd6 Ne8 19. Qd3 Be6 20. Na4 Qe7 21. Bc5 Qf6 22. Nb6 Ra7 23. Rbd1 Rab7 24. Qe3 g5 25. Nh2 h5 26. Rd3 Qg6 27. Nf3 g4 28. Nh4 Qf6 29. Nf5 Bxf5 30. exf5 Bh6 31. Qe4 Qg7 32. hxg4 hxg4 33. g3 Nf6 34. Qxe5 Re8 35. Qc3 Qg5 36. Be3 Qg7 37. Bxh6 Qxh6 38. Qd2 Qh5 39. Re1 Rbe7 40. Rde3 Rxe3 41. Rxe3 Rf8 42. Qd4 Qxf5 43. Re5 Qb1+ 44. Kg2 Qg6 45. Qf4 Nh7 46. Nd7 Rd8 47. Re7 f6 48. b5 cxb5 49. cxb5 axb5 50. a6 Qd3 51. Rxh7 Kxh7 52. Nxf6+ Kg6 53. Ne4 Qd5 54. Kg1 Qd1+ 55. Kg2 Qf3+ 56. Qxf3 gxf3+ 57. Kxf3 b4 58. Ke3 b3 59. Nc3 b2 60. a7 Ra8 61. Kd2 Rxa7 62. Kc2 Rf7 63. f4 Rb7 64. Kb1 Kf5 65. Na4 Rb3 66. Nxb2 Rxg3 67. Kc2 Kxf4 68. Kd2 Ke4 69. Nd1 Kd4 70. Nf2 Rg2 71. Ke2 Rg3 72. Nd1 Ke4 73. Nf2+ Kf4 74. Nd3+ Ke4 75. Nf2+ Kd4 76. Kd2 Ra3 77. Ke2 Ke5 78. Nd3+ Ke4 79. Nf2+ Kf4 80. Nd3+ Ke4 81. Nf2+ Kd4 82. Kd2 Ra2+ 83. Ke1 Ke3 84. Ng4+ Kf3 85. Ne5+ Ke4 86. Nc4 Kd3 87. Ne5+ Kd4 88. Nf3+ Ke3 0-1

[Event "RUS-ch Women Blitz 2019"]
[Site "Sochi"]
[Date "2019.10.20"]
[Round "6.6"]
[White "Sudakova, Irina"]
[Black "But, Svetlana"]
[Result "0-1"]
[ECO "C00"]
[WhiteElo "2184"]
[BlackElo "1947"]
[Annotator "NA"]
[PlyCount "170"]
[EventDate "2019.10.17"]
[EventType "swiss"]
[EventCountry "RUS"]
[SourceTitle "playchess.com"]
[Source "ChessBase"]
[SourceQuality "1"]
[TimeControl "180+2"]

1. e4 e6 2. d4 d5 3. Bd3 dxe4 4. Bxe4 Nf6 5. Bf3 Nbd7 6. Ne2 c5 7. O-O cxd4 8. Nxd4 Bc5 9. Nb3 Be7 10. Be3 O-O 11. c4 Qc7 12. N1d2 Nc5 13. Rc1 Nxb3 14. Qxb3 h6 15. c5 Nd5 16. Bxd5 exd5 17. Qxd5 Be6 18. Qe4 Bf6 19. b4 Bxa2 20. Nc4 Bxc4 21. Rxc4 a6 22. Qf5 Qe5 23. Qd7 Qe7 24. Qg4 Kh8 25. Bf4 Rfe8 26. Bd6 Qe2 27. h3 Qxg4 28. Rxg4 Re2 29. Rd1 Rae8 30. Bg3 Re1+ 31. Rxe1 Rxe1+ 32. Kh2 Re6 33. Rc4 Rc6 34. Re4 Kh7 35. Re8 b6 36. Bd6 bxc5 37. bxc5 a5 38. Ra8 Bc3 39. Kg3 Kg6 40. Kf3 Bb4 41. Ke4 Bxc5 42. Kd5 Rxd6+ 43. Kxc5 Rd2 44. Ra6+ f6 45. Rxa5 Rxf2 46. g4 Rf3 47. h4 Rf4 48. Kd6 Rxg4 49. h5+ Kh7 50. Ke6 Rg5 51. Ra7 Rxh5 52. Kf7 Rc5 53. Kf8 Rc8+ 54. Kf7 h5 55. Ra5 Kh6 56. Ra2 h4 57. Rg2 Rc7+ 58. Ke6 Kh5 59. Kf5 Rc5+ 60. Kf4 Rg5 61. Rh2 Rg1 62. Kf3 g5 63. Ra2 g4+ 64. Kf2 Rb1 65. Ra5+ Kg6 66. Ra4 Kg5 67. Ra5+ f5 68. Ra8 h3 69. Kg3 Rb3+ 70. Kh2 Re3 71. Ra4 Re4 72. Ra5 Kf4 73. Ra3 Re2+ 74. Kh1 g3 75. Ra4+ Re4 76. Ra1 Kg4 77. Rb1 f4 78. Ra1 Re3 79. Kg1 f3 80. Ra4+ Kf5 81. Ra5+ Kf4 82. Ra4+ Re4 83. Ra1 f2+ 84. Kf1 Re1+ 85. Rxe1 fxe1=Q+ 0-1

[Event "RUS-ch Women Blitz 2019"]
[Site "Sochi"]
[Date "2019.10.20"]
[Round "6.8"]
[White "Usacheva, Glafira"]
[Black "Ponomarenko, Valeria"]
[Result "1-0"]
[ECO "A65"]
[WhiteElo "1796"]
[BlackElo "1344"]
[Annotator "NA"]
[PlyCount "117"]
[EventDate "2019.10.17"]
[EventType "swiss"]
[EventCountry "RUS"]
[SourceTitle "playchess.com"]
[Source "ChessBase"]
[SourceQuality "1"]
[TimeControl "180+2"]

1. d4 c5 2. d5 e6 3. c4 exd5 4. cxd5 d6 5. Nc3 Nf6 6. e4 a6 7. a4 g6 8. f4 Bg7 9. Nf3 Bg4 10. Be2 O-O 11. O-O Re8 12. h3 Bxf3 13. Bxf3 Nbd7 14. Be3 Qc7 15. Bf2 c4 16. g4 Nc5 17. Re1 Re7 18. g5 Nfd7 19. Bxc5 Nxc5 20. Kg2 Nd3 21. Rf1 Nxf4+ 22. Kh2 Nd3 23. Qc2 Qb6 24. Rab1 Qb3 25. Qxb3 cxb3 26. Rfd1 Nc5 27. Re1 Nd3 28. Red1 Nxb2 29. Rxb2 Bxc3 30. Rxb3 Be5+ 31. Kg2 Rc8 32. Rd2 Bf4 33. Rdb2 Bxg5 34. Rxb7 Rxb7 35. Rxb7 Rc4 36. a5 Ra4 37. Rb6 Rxa5 38. Rxd6 Bf4 39. Rd8+ Kg7 40. d6 Ra2+ 41. Kf1 Rd2 42. d7 a5 43. Bg4 Bg5 44. Ra8 Rd4 45. Rxa5 Rxe4 46. Rxg5 Rf4+ 47. Ke2 Rd4 48. Re5 Kf6 49. Re8 h5 50. d8=Q+ Rxd8 51. Rxd8 hxg4 52. hxg4 Kg5 53. Kf3 Kf6 54. Kf4 Kg7 55. g5 Kh7 56. Rd7 Kg7 57. Rc7 Kf8 58. Ke5 Kg7 59. Rb7 1-0

[Event "RUS-ch Women Blitz 2019"]
[Site "Sochi"]
[Date "2019.10.17"]
[Round "6.9"]
[White "Styazhkina, Anna"]
[Black "Dumcheva, Julia"]
[Result "1-0"]
[ECO "B12"]
[WhiteElo "2280"]
[BlackElo "2168"]
[Annotator "RC"]
[PlyCount "53"]
[EventDate "2019.10.17"]
[EventType "swiss"]
[EventCountry "RUS"]
[SourceTitle "playchess.com"]
[Source "ChessBase"]
[SourceQuality "1"]
[TimeControl "180+2"]

1. e4 c6 2. d4 d5 3. e5 Bf5 4. h4 h6 5. g4 Bd7 6. Be3 e6 7. f4 Qb6 8. b3 c5 9. c3 cxd4 10. cxd4 Bb4+ 11. Kf2 f6 12. Bd3 fxe5 13. Bg6+ Kd8 14. fxe5 Ne7 15. Bd3 Nbc6 16. Nf3 Rf8 17. Kg2 Nc8 18. a3 Be7 19. Nc3 Rxf3 20. Qxf3 Qxb3 21. Rhc1 Qb2+ 22. Qf2 Qb6 23. Rab1 Qa5 24. Qf7 b6 25. Nb5 a6 26. Qg8+ Be8 27. Bg6 1-0

[Event "RUS-ch Women Blitz 2019"]
[Site "Sochi"]
[Date "2019.10.17"]
[Round "6.12"]
[White "Bodnaruk, Anastasia"]
[Black "Yakimova, Mariya"]
[Result "1-0"]
[ECO "B33"]
[WhiteElo "2419"]
[BlackElo "2276"]
[Annotator "RC"]
[PlyCount "59"]
[EventDate "2019.10.17"]
[EventType "swiss"]
[EventCountry "RUS"]
[SourceTitle "playchess.com"]
[Source "ChessBase"]
[SourceQuality "1"]
[TimeControl "180+2"]

1. e4 c5 2. Nf3 Nc6 3. d4 cxd4 4. Nxd4 Nf6 5. Nc3 e5 6. Ndb5 d6 7. Bg5 a6 8. Na3 b5 9. Nd5 Be7 10. Bxf6 Bxf6 11. c4 b4 12. Nc2 a5 13. Be2 O-O 14. O-O Bg5 15. Qd3 Kh8 16. Bf3 Be6 17. Rad1 Rb8 18. g3 g6 19. Bg2 Bh6 20. f4 Bg4 21. Rd2 f5 22. Nde3 exf4 23. gxf4 Qb6 24. Kh1 fxe4 25. Qxe4 Bd7 26. Rxd6 Rbe8 27. Qd5 Bxf4 28. Rxd7 Bxe3 29. Rff7 Ne7 30. Qe5+ 1-0

[Event "RUS-ch Women Blitz 2019"]
[Site "Sochi"]
[Date "2019.10.17"]
[Round "7.1"]
[White "Semenova, Elena"]
[Black "Kovanova, Baira"]
[Result "1/2-1/2"]
[ECO "C45"]
[WhiteElo "2282"]
[BlackElo "2344"]
[Annotator "RC"]
[PlyCount "38"]
[EventDate "2019.10.17"]
[EventType "swiss"]
[EventCountry "RUS"]
[SourceTitle "playchess.com"]
[Source "ChessBase"]
[SourceQuality "1"]
[TimeControl "180+2"]

1. e4 e5 2. Nf3 Nc6 3. d4 exd4 4. Nxd4 Nf6 5. Nxc6 bxc6 6. e5 Qe7 7. Qe2 Nd5 8. c4 Ba6 9. b3 g6 10. Bb2 Bg7 11. Nd2 O-O 12. O-O-O d6 13. Qf3 Nb6 14. exd6 Bxb2+ 15. Kxb2 cxd6 16. Qc3 Rab8 17. Ka1 d5 18. c5 Bxf1 19. Rhxf1 Nd7 1/2-1/2

[Event "RUS-ch Women Blitz 2019"]
[Site "Sochi"]
[Date "2019.10.17"]
[Round "7.3"]
[White "Belenkaya, Dina"]
[Black "Ambartsumova, Karina"]
[Result "1-0"]
[ECO "B25"]
[WhiteElo "2300"]
[BlackElo "2341"]
[Annotator "RC"]
[PlyCount "107"]
[EventDate "2019.10.17"]
[EventType "swiss"]
[EventCountry "RUS"]
[SourceTitle "playchess.com"]
[Source "ChessBase"]
[SourceQuality "1"]
[TimeControl "180+2"]

1. e4 c5 2. Nc3 Nc6 3. g3 g6 4. Bg2 Bg7 5. d3 d6 6. Nf3 e6 7. Bg5 Nge7 8. Qd2 Nd4 9. O-O a6 10. Nd1 O-O 11. c3 Nxf3+ 12. Bxf3 Re8 13. Bh6 Bh8 14. Ne3 b6 15. d4 e5 16. dxc5 dxc5 17. Qxd8 Rxd8 18. Nc4 Rb8 19. Rad1 Rxd1 20. Rxd1 Be6 21. Be2 b5 22. Na5 Bg7 23. Be3 Bxa2 24. Bxc5 Bf8 25. b3 Nc6 26. Nxc6 Rc8 27. Bxf8 Rxc6 28. Bh6 f6 29. c4 Bxb3 30. cxb5 Bxd1 31. Bxd1 axb5 32. Bb3+ Kh8 33. Bd5 Rb6 34. Bf8 b4 35. Bb3 Rb8 36. Be7 Kg7 37. Kf1 Rc8 38. Ke2 Rc7 39. Bd6 Rd7 40. Bc5 Rc7 41. Be3 f5 42. exf5 gxf5 43. Bd2 Kf6 44. Bg8 Rb7 45. Bb3 Rb8 46. Kd3 Rd8+ 47. Kc2 Rc8+ 48. Kb2 Rb8 49. h4 Rb7 50. Bg5+ Kg6 51. Bc4 h6 52. Bd2 Kh5 53. Bd5 Kg4 54. Bxb7 1-0

[Event "RUS-ch Women Blitz 2019"]
[Site "Sochi"]
[Date "2019.10.17"]
[Round "7.4"]
[White "Garifullina, Leya"]
[Black "Styazhkina, Anna"]
[Result "1-0"]
[ECO "C78"]
[WhiteElo "2330"]
[BlackElo "2280"]
[Annotator "RC"]
[PlyCount "105"]
[EventDate "2019.10.17"]
[EventType "swiss"]
[EventCountry "RUS"]
[SourceTitle "playchess.com"]
[Source "ChessBase"]
[SourceQuality "1"]
[TimeControl "180+2"]

1. e4 e5 2. Nf3 Nc6 3. Bb5 a6 4. Ba4 Nf6 5. O-O Bc5 6. c3 b5 7. Bc2 d5 8. exd5 Qxd5 9. Bb3 Qd3 10. Bc2 Qd6 11. d3 O-O 12. Nbd2 Bg4 13. Ne4 Nxe4 14. dxe4 Qf6 15. Qe2 Rad8 16. h3 Bxf3 17. Qxf3 Qxf3 18. gxf3 b4 19. Ba4 Ne7 20. cxb4 Bxb4 21. Be3 f5 22. Rac1 Bd6 23. Bg5 c5 24. Bb3+ Kh8 25. Rcd1 h6 26. Rxd6 hxg5 27. Rfd1 Rxd6 28. Rxd6 fxe4 29. fxe4 Kh7 30. Rxa6 Rd8 31. Be6 Rd2 32. b3 Re2 33. Bg4 Rxe4 34. Re6 Re1+ 35. Kg2 Nd5 36. Bf5+ Kg8 37. Rc6 Nf4+ 38. Kf3 Rc1 39. Kg4 Kf7 40. Be4 Rg1+ 41. Kf5 Re1 42. f3 Nxh3 43. Rc7+ Ke8 44. Ke6 Nf4+ 45. Kf5 Kd8 46. Rxc5 Kd7 47. Rxe5 Nh3 48. Bc6+ Kxc6 49. Rxe1 Nf2 50. Kxg5 Nd3 51. Re2 Kd5 52. Rd2 Kd4 53. Rxd3+ {[%emt 0:00:01] Kd5} 1-0

[Event "RUS-ch Women Blitz 2019"]
[Site "Sochi"]
[Date "2019.10.17"]
[Round "7.6"]
[White "Goltseva, Ekaterina"]
[Black "Bodnaruk, Anastasia"]
[Result "0-1"]
[ECO "E70"]
[WhiteElo "2317"]
[BlackElo "2419"]
[Annotator "RC"]
[PlyCount "62"]
[EventDate "2019.10.17"]
[EventType "swiss"]
[EventCountry "RUS"]
[SourceTitle "playchess.com"]
[Source "ChessBase"]
[SourceQuality "1"]
[TimeControl "180+2"]

1. d4 Nf6 2. c4 g6 3. Nc3 Bg7 4. e4 d6 5. Nge2 O-O 6. Ng3 e5 7. d5 a5 8. Be2 Na6 9. h4 h5 10. Bg5 Qe8 11. Qd2 Kh7 12. f3 Bd7 13. Nf1 Nc5 14. g4 Rh8 15. Ng3 Kg8 16. gxh5 Nxh5 17. Nxh5 Rxh5 18. O-O-O f6 19. Be3 f5 20. f4 Rh7 21. fxe5 Qxe5 22. Bf4 Qe8 23. Bd3 fxe4 24. Bc2 Bf5 25. Be3 Qe5 26. Rdf1 a4 27. a3 Nb3+ 28. Bxb3 axb3 29. Rhg1 Rxh4 30. Qg2 Rxa3 31. Bd2 Ra1+ 0-1

[Event "RUS-ch Women Blitz 2019"]
[Site "Sochi"]
[Date "2019.10.17"]
[Round "8.3"]
[White "Voit, Daria"]
[Black "Garifullina, Leya"]
[Result "1/2-1/2"]
[ECO "E16"]
[WhiteElo "2336"]
[BlackElo "2330"]
[Annotator "NA RC"]
[PlyCount "54"]
[EventDate "2019.10.17"]
[EventType "swiss"]
[EventCountry "RUS"]
[SourceTitle "playchess.com"]
[Source "ChessBase"]
[SourceQuality "1"]
[TimeControl "180+2"]

1. d4 Nf6 2. Nf3 e6 3. c4 b6 4. g3 Bb7 5. Bg2 Bb4+ 6. Bd2 Be7 7. O-O O-O 8. Nc3 c6 9. Qc2 d5 10. Ne5 Nbd7 11. Bf4 Nh5 12. Bc1 Nhf6 13. Rd1 Rc8 14. Qa4 a6 15. e4 b5 16. cxb5 cxb5 17. Qb3 dxe4 18. Bg5 h6 19. Nxd7 Nxd7 20. Bxe7 Qxe7 21. Bxe4 Bxe4 22. Nxe4 Rc4 23. a4 Rb4 24. Qc2 Rc4 25. Qb3 Rb4 26. Qc2 Rc4 27. Qb3 Rb4 1/2-1/2

[Event "RUS-ch Women Blitz 2019"]
[Site "Sochi"]
[Date "2019.10.17"]
[Round "8.5"]
[White "Bodnaruk, Anastasia"]
[Black "Shafigullina, Zarina"]
[Result "1-0"]
[ECO "B20"]
[WhiteElo "2419"]
[BlackElo "2295"]
[Annotator "RC"]
[PlyCount "109"]
[EventDate "2019.10.17"]
[EventType "swiss"]
[EventCountry "RUS"]
[SourceTitle "playchess.com"]
[Source "ChessBase"]
[SourceQuality "1"]
[TimeControl "180+2"]

1. e4 c5 2. b3 d5 3. exd5 Qxd5 4. Nc3 Qe5+ 5. Qe2 Qxe2+ 6. Ngxe2 Bf5 7. Nd5 Kd8 8. Ne3 Bd7 9. Bb2 Nf6 10. O-O-O Nc6 11. d4 cxd4 12. Nxd4 Kc8 13. Bc4 e6 14. Rhe1 a6 15. a4 Nxd4 16. Bxd4 b5 17. axb5 axb5 18. Bf1 Bb4 19. c3 Be7 20. Kb2 Bc6 21. f3 Kb7 22. Nc2 Rhd8 23. Ra1 Rxa1 24. Rxa1 Ra8 25. Rxa8 Kxa8 26. b4 Kb7 27. Be5 Ne8 28. Nd4 Kb6 29. Bg3 Bd7 30. Bf2 Ka6 31. Nb3 Nc7 32. Bc5 Bd8 33. Bf8 Kb7 34. Bxg7 Kc8 35. Nd4 h5 36. Be5 Kb7 37. g3 Nd5 38. Bxb5 Bxb5 39. Nxb5 f6 40. Bd4 Kc6 41. Na3 e5 42. Bf2 Bb6 43. Bxb6 Kxb6 44. Kb3 Ne3 45. c4 Nf1 46. c5+ Kc6 47. Nc2 Nxh2 48. Kc4 Nxf3 49. b5+ Kc7 50. b6+ Kb7 51. Kb5 Nd2 52. c6+ Kc8 53. b7+ Kc7 54. Nb4 Ne4 55. Na6+ 1-0

[Event "RUS-ch Women Blitz 2019"]
[Site "Sochi"]
[Date "2019.10.17"]
[Round "8.6"]
[White "Bivol, Alina"]
[Black "Maltsevskaya, Aleksandra"]
[Result "0-1"]
[ECO "E68"]
[WhiteElo "2371"]
[BlackElo "2333"]
[Annotator "RC"]
[PlyCount "75"]
[EventDate "2019.10.17"]
[EventType "swiss"]
[EventCountry "RUS"]
[SourceTitle "playchess.com"]
[Source "ChessBase"]
[SourceQuality "1"]
[TimeControl "180+2"]

1. c4 Nf6 2. g3 g6 3. Bg2 Bg7 4. d4 d6 5. Nc3 O-O 6. Nf3 Nbd7 7. O-O e5 8. e4 exd4 9. Nxd4 Nc5 10. Re1 Ng4 11. Nb3 Ne5 12. Nxc5 dxc5 13. Qe2 Qd4 14. Be3 Qxc4 15. Qxc4 Nxc4 16. Bxc5 Re8 17. Nd5 Nxb2 18. Nxc7 Nd3 19. Nxe8 Bxa1 20. Rxa1 Nxc5 21. Rc1 b6 22. e5 Rb8 23. Nf6+ Kg7 24. a3 Be6 25. Rd1 a5 26. h4 b5 27. h5 b4 28. axb4 axb4 29. Bd5 b3 30. Bxe6 fxe6 31. Rb1 b2 32. hxg6 hxg6 33. Kf1 Na4 34. Ne4 Rc8 35. Nd2 Rc1+ 36. Kg2 Rc2 37. Ne4 Re2 38. Nd6 0-1

[Event "RUS-ch Women Blitz 2019"]
[Site "Sochi"]
[Date "2019.10.17"]
[Round "8.8"]
[White "Lysenko, Margarita"]
[Black "Karavaeva, Olga"]
[Result "1-0"]
[ECO "D36"]
[WhiteElo "2243"]
[BlackElo "2260"]
[Annotator "NA RC"]
[PlyCount "52"]
[EventDate "2019.10.17"]
[EventType "swiss"]
[EventCountry "RUS"]
[SourceTitle "playchess.com"]
[Source "ChessBase"]
[SourceQuality "1"]
[TimeControl "180+2"]

1. d4 d5 2. c4 e6 3. Nc3 c6 4. cxd5 exd5 5. Qc2 Nf6 6. Bg5 Be7 7. e3 h6 8. Bf4 O-O 9. Bd3 Bd6 10. Bxd6 Qxd6 11. h3 Re8 12. Nf3 Nbd7 13. g4 Nf8 14. O-O-O b5 15. g5 hxg5 16. Nxg5 a5 17. Rhg1 b4 18. Ne2 Ba6 19. Ng3 Bxd3 20. Qxd3 Qd7 21. Nf5 Ng6 22. h4 Ne4 23. Nxg7 Kxg7 24. h5 Nxf2 25. Qf1 Nxd1 26. Nxf7 Re6 1-0

[Event "RUS-ch Women Blitz 2019"]
[Site "Sochi"]
[Date "2019.10.17"]
[Round "8.11"]
[White "Serditykh, Olesya"]
[Black "Goltseva, Ekaterina"]
[Result "1-0"]
[ECO "D24"]
[WhiteElo "1990"]
[BlackElo "2317"]
[Annotator "NA RC"]
[PlyCount "49"]
[EventDate "2019.10.17"]
[EventType "swiss"]
[EventCountry "RUS"]
[SourceTitle "playchess.com"]
[Source "ChessBase"]
[SourceQuality "1"]
[TimeControl "180+2"]

1. d4 d5 2. Nf3 Nf6 3. c4 dxc4 4. Nc3 a6 5. a4 Nc6 6. e4 Bg4 7. d5 Ne5 8. Be2 Bxf3 9. gxf3 e6 10. f4 Nd3+ 11. Bxd3 cxd3 12. Qxd3 exd5 13. e5 Nd7 14. Qxd5 Nc5 15. O-O Qxd5 16. Nxd5 O-O-O 17. Rd1 Nb3 18. Rb1 Bc5 19. Be3 c6 20. Nc3 Kc7 21. Ne4 Bxe3 22. fxe3 Rhf8 23. Kf2 f5 24. Ng5 Rfe8 25. Rxd8 1-0